 Dungeon Crawl Stone Soup version 0.31-a0-1074-g0b22e4e0f1 (webtiles) character file.

Game seed: 468397011708398931

287373 promet the Impaler (level 20, -3/135 (160) HPs)
             Began as a Gnoll Wanderer on Nov 28, 2023.
             Was a Believer of Uskayaw.
             Slain by a vault guard
             ... wielding a +2 great sword of draining
             ... led by a vault warden
              (33 damage)
             ... on level 3 of the Vaults on Dec 1, 2023.
             The game lasted 07:52:18 (60972 turns).

promet the Impaler (Gnoll Wanderer)                Turns: 60972, Time: 07:52:19

HP:   -3/135 (160)  AC: 15    Str: 19    XL:     20   Next: 66%
MP:   37/38         EV: 19    Int: 16    God:    Uskayaw [**....]
Gold: 2919          SH:  0    Dex: 16    Spells: 10/47 levels left

rFire   + . .        b - +27 heavy crossbow "Sniper" {heavy, Acc+∞ SInv}
rCold   . . .        (shield currently unavailable)
rNeg    . . .        G - +3 troll leather armour
rPois   +            (helmet restricted)
rElec   .            e - scarf "Ysugy" {repulsion, Int+2}
rCorr   .            x - +1 pair of gloves of the Hippogriff {rPois rF+ Str+5 Dex-2}
SInv    +            J - +1 pair of boots {Stlth+}
Will    +....        v - amulet of regeneration
Stlth   +++++++      j - +4 ring of slaying
HPRegen 2.02/turn    Z - +4 ring of slaying
MPRegen 0.26/turn

%: repel missiles
@: marked, heavily drained
A: fangs 1, strong nose, distributed training, horns 1, iridescent scales 1,
strong 1, wild magic 1
}: 2/15 runes: decaying, gossamer
a: Renounce Religion, Stomp, Line Pass


You were on level 3 of the Vaults.
You worshipped Uskayaw.
Uskayaw was pleased with you.
You visited 10 branches of the dungeon, and saw 38 of its levels.
You also visited: Gauntlet.

You collected 3963 gold pieces.
You spent 1044 gold pieces at shops.

Inventory:

Hand Weapons
 a - a +2 halberd of venom
 b - the +27 heavy crossbow "Sniper" (weapon) {heavy, Acc+∞ SInv}
   (You found it on level 8 of the Dungeon)

   Acc+∞: It never misses its target.
   SInv:      It lets you see invisible.
 c - the +9 rapier of Xaes {elec, rPois rC+ Will+ Stlth+}
   (You found it on level 3 of the Lair of Beasts)

   rC+:       It protects you from cold.
   rPois:     It protects you from poison Will+: It increases your willpower.
   Stlth+:    It makes you more stealthy.
 f - the +8 hand axe "Iddexoaf" {flame, rPois MP+9 Int+4}
   (You took it off a kobold brigand on level 8 of the Dungeon)

   Int+4:     It affects your intelligence (+4).
   rPois:     It protects you from poison MP+9: It affects your magic capacity
   (+9).
 i - a +1 vampiric war axe
 n - a +2 heavy long sword
 t - a +6 dire flail of venom
 L - a +1 spectral broad axe
Missiles
 k - 46 poisoned darts
 s - 23 boomerangs
 F - 7 curare-tipped darts
Armour
 e - the scarf "Ysugy" (worn) {repulsion, Int+2}
   (You found it on level 4 of the Spider Nest)

   Int+2:     It affects your intelligence (+2).
 x - the +1 pair of gloves of the Hippogriff (worn) {rPois rF+ Str+5 Dex-2}
   (You found it on level 11 of the Dungeon)

   Str+5:     It affects your strength (+5).
   Dex-2:     It affects your dexterity (-2).
   rF+:       It protects you from fire.
   rPois:     It protects you from poison
 G - a +3 troll leather armour (worn)
 J - a +1 pair of boots of stealth (worn)
 R - the +10 plate armour of Nemelex Xobeh's Scorn {Dex+7}
   (You found it on level 13 of the Dungeon)

   Dex+7:     It affects your dexterity (+7).
Jewellery
 j - a +4 ring of slaying (left hand)
 l - a ring of protection from fire
 v - an amulet of regeneration (around neck)
 z - a +6 ring of intelligence
 B - a ring of positive energy
 C - a ring of flight
 D - a ring of magical power
 E - a +5 ring of evasion
 K - the ring of Brilliance {Wiz rElec}
   (You found it on level 1 of the Vaults)

   [ring of wizardry]

   Wiz:       It improves your spell success rate.
   rElec:     It insulates you from electricity.
 X - the ring of Midnight {Wiz rN+ Int+2}
   (You found it on level 4 of the Swamp)

   [ring of wizardry]

   Wiz:       It improves your spell success rate.
   Int+2:     It affects your intelligence (+2).
   rN+:       It protects you from negative energy.
 Z - a +4 ring of slaying (right hand)
Wands
 g - a wand of mindburst (16)
 o - a wand of digging (9)
 M - a wand of roots (40)
 O - a wand of paralysis (32)
 Q - a wand of acid (8)
Scrolls
 m - 2 scrolls of teleportation
 I - 3 scrolls of poison
 N - 5 scrolls of revelation
 W - 5 scrolls of fog
Potions
 h - 4 potions of resistance
 p - 8 potions of brilliance
 r - a potion of mutation
 u - 3 potions of heal wounds
 w - 9 potions of ambrosia
 y - 2 potions of berserk rage
 A - 7 potions of curing
 H - 5 potions of invisibility
 P - 2 potions of cancellation
 S - 6 potions of might
 T - 4 potions of haste
 U - 2 potions of magic
Miscellaneous
 q - a phantom mirror
 V - a sack of spiders
 Y - a condenser vane


   Skills:
 + Level 14.3 Fighting
 + Level 14.1 Short Blades
 + Level 14.1 Long Blades
 + Level 15.4 Axes
 + Level 14.1 Maces & Flails
 + Level 16.2 Polearms
 + Level 14.1 Staves
 + Level 14.1 Ranged Weapons
 + Level 14.1 Throwing
 + Level 14.3 Armour
 + Level 14.1 Dodging
 + Level 14.3 Stealth
 + Level 14.1 Shields
 + Level 14.1 Unarmed Combat
 + Level 14.1 Spellcasting
 + Level 12.0 Conjurations
 + Level 12.0 Hexes
 + Level 12.0 Summonings
 + Level 12.0 Necromancy
 + Level 12.0 Translocations
 + Level 12.0 Transmutations
 + Level 12.0 Fire Magic
 + Level 12.0 Ice Magic
 + Level 12.0 Air Magic
 + Level 12.0 Earth Magic
 + Level 12.0 Poison Magic
 + Level 15.3 Invocations
 + Level 14.1 Evocations
 + Level 13.0 Shapeshifting


You had 10 spell levels left.
You knew the following spells:

 Your Spells              Type           Power      Damage    Failure   Level
a - Blink                 Tloc           100%       N/A       1%          2
b - Gell's Gravitas       Tloc           59%        N/A       1%          3
c - Teleport Other        Tloc           59%        N/A       1%          3
d - Bombard               Conj/Erth      29%        9d5       12%         6
e - Anguish               Hex/Necr       29%        N/A       1%          4
f - Arcjolt               Conj/Air       29%        1d39      2%          5
g - Ensorcelled Hibernat  Hex/Ice        100%       N/A       1%          2
h - Plasma Beam           Fire/Air       29%        2x1d42    12%         6
i - Hailstorm             Conj/Ice       59%        3d13      1%          3
j - Ignite Poison         Fire/Tmut/Pois 59%        N/A       1%          3

Your spell library contained the following spells:

 Spells                   Type           Power      Damage    Failure   Level
 Freeze                   Ice            100%       1d10      1%          1
 Cigotuvi's Dreadful Rot  Necr/Pois/Air  100%       N/A       1%          2
 Jinxbite                 Hex            100%       N/A       1%          2
 Lesser Beckoning         Tloc           100%       N/A       1%          2
 Momentum Strike          Conj/Tloc      100%       3d10      1%          2
 Wereblood                Tmut           59%        N/A       1%          2
 Frozen Ramparts          Ice            100%       1d16      1%          3
 Leda's Liquefaction      Hex/Erth       29%        N/A       1%          4
 Manifold Assault         Tloc           59%        N/A       1%          4
 Petrify                  Tmut/Erth      59%        N/A       1%          4
 Vhi's Electric Charge    Tloc/Air       100%       N/A       1%          4
 Freezing Cloud           Conj/Ice/Air   29%        6-21      2%          5
 Irradiate                Conj/Tmut      29%        3d21      2%          5
 Lee's Rapid Deconstruct  Erth           29%        3d15*     2%          5
 Metabolic Englaciation   Hex/Ice        29%        N/A       2%          5


Dungeon Overview and Level Annotations

Branches:
Dungeon (15/15)            Temple (1/1) D:5            Lair (5/5) D:10
  Swamp (4/4) Lair:3       Spider (4/4) Lair:2        Slime (1/5) Lair:4
    Orc (2/2) D:12            Elf (0/3) Orc:2        Vaults (4/5) D:13
  Crypt (1/3) Vaults:3     Depths (1/4) D:15        Gauntlet (visited)

Altars:
Ashenzari
Cheibriados
Dithmenos
Elyvilon
Fedhas
Gozag
Hepliaklqana
Kikubaaqudgha
Makhleb
Nemelex Xobeh
Okawaru
Qazlal
Ru
Sif Muna
Trog
Uskayaw
Vehumet
Wu Jian
Xom
Yredelemnul
Zin
The Shining One
Jiyva

Shops:
D:2 ?   D:6 (   Orc:2 ([=:   Depths:1 *

Portals:
Abyss: Depths:1

Annotations:
Spider:1 1 runed translucent door, Lobster4's ghost, adept MfSh
Spider:3 1 runed translucent door, croobank's ghost, adept GnSh


Innate Abilities, Weirdness & Mutations

You have very sharp teeth.
Your uncanny sense of smell can sniff out nearby items.
Your experience applies equally to all skills.
You have a pair of small horns on your head.
You are partially covered in iridescent scales. (AC +2)
Your muscles are strong. (Str +4, Int/Dex -1)
Your spells are a little harder to cast, but a little more powerful.


Message History

You shoot a bolt. The bolt hits the vault guard!
The vault guard is almost dead.
The vault guard barely misses you.
The vault sentinel casts a spell at you.
The mark upon you grows brighter. The vault warden completely misses you.
The vault guard hits you with a +2 great sword of draining!
You feel drained.
The vault warden hits you with a +0 great sword!!
The vault sentinel blows a loud note on a signal horn!
The vault guard hits you with a +2 great sword of draining!!
You feel drained.
The ironbound convoker casts a spell at the vault sentinel.
The vault sentinel seems to grow stronger.
You climb upwards.
There is a stone staircase leading down here.
Casting: Plasma Beam (dangerous; 12% risk of failure)
Confirm with . or Enter, or press ? or * to list all spells.
You blink.
The vault warden activates a sealing rune.
A door slams shut!
You are too injured to fight recklessly!
Fire: b) +27 heavy crossbow "Sniper" {heavy, Acc+∞ SInv}
Press: ? - help, Q - select action, (/) - cycle Shift-Dir - straight line, f - vault warden
Aim: a vault warden, wielding a +0 great sword and wearing a +0 plate armour (100% to hit)
You shoot a bolt. The bolt hits the vault warden!
The vault warden is lightly wounded.
You feel ready to blink again.
Fire: b) +27 heavy crossbow "Sniper" {heavy, Acc+∞ SInv}
Press: ? - help, Q - select action, (/) - cycle Shift-Dir - straight line, f/p - vault warden
Aim: a vault warden, wielding a +0 great sword and wearing a +0 plate armour (lightly wounded, 100% to hit)
You shoot a bolt. The bolt hits the vault warden!!
The vault warden is heavily wounded.
The vault warden barely misses you.
The vault guard hits you with a +2 great sword of draining!!
* * * LOW HITPOINT WARNING * * *
You feel drained.
* * * LOW HITPOINT WARNING * * *
The vault warden closely misses you.
The vault guard hits you with a +2 great sword of draining!!
You die...

..#..##......#
#.....#..#...
###'###......#
#.....)..#...
#..##......#
#.....#..#...
###.?.#......#
#.....#..#...
'..⌠..'......#
#.....#..#...
#.....#......#
#######..####
##...##......#
#.......)...)
########+#########
#...........[ ##
#...[...@.#
##'####..#### .#
#......pp.#
#.....#..#... .#
#....>....#
#.....#..#... .#
#.........#
#.....#.)#... .#
##.......##
#.....#..'... .#
##..>..##
#.....#..#... .#
##...##
############# .#
##.## .# ###


You could see a vault warden and a vault guard (strong).

Vanquished Creatures
  Nikola (Spider:2)
  Arachne (Spider:4)
  A titan (Vaults:1)
  Mlioglotl (Spider:1)
  Jorgrun (Swamp:3)
  A sphinx (Vaults:2)
  A lich (Vaults:1)
  A thorn hunter (Swamp:2)
  Frances (D:13)
  2 fenstrider witches (Swamp:4)
  A fire giant (D:15)
  2 emperor scorpions (Spider:4)
  2 frost giants (Depths:1)
  11 vault wardens
  5 ghost moths
  An orc warlord (Orc:1)
  3 stone giants
  5 very ugly things
  10 ironbound preservers
  2 broodmothers
  3 formless jellyfish
  2 ironbound thunderhulks (Vaults:2)
  A vampire knight (Depths:1)
  3 eleionomae
  A deep elf annihilator (Vaults:1)
  12 dire elephants
  A deep elf demonologist (Vaults:1)
  6 spark wasps
  A bunyip (shapeshifter) (D:15)
  5 bunyips
  Snorg (D:11)
  An eidolon (Vaults:3)
  7 yaktaur captains
  3 ettins (Depths:1)
  3 fire dragons (Depths:1)
  2 shambling mangroves (Swamp:4)
  A deep elf high priest (Vaults:1)
  7 entropy weavers
  Josephine (Orc:1)
  2 jiangshi
  6 great orbs of eyes
  10 vault guards
  2 rakshasas
  The ghost of grandjackal the Fighter, a journeyman DjGl of Ashenzari (D:9)
  20 hydras
  A jorogumo (Spider:1)
  An ogre mage (Vaults:3)
  A ghost crab (Swamp:2)
  4 ironbound frosthearts
  A spriggan air mage (Depths:1)
  4 catoblepae
  10 alligators
  3 radroaches
  8 centaur warriors
  2 tengu warriors
  10 two-headed ogres
  2 vampire magi (Depths:1)
  5 boulder beetles
  2 occultists
  A death scarab (Spider:4)
  8 death yaks
  5 demonic crawlers
  2 orc high priests (Orc:1)
  8 spriggans
  Sonja (D:10)
  7 pharaoh ants
  A sun moth (Spider:4)
  A goliath frog (Swamp:2)
  4 skysharks
  21 deep trolls
  14 orb spiders
  7 swamp dragons
  5 spriggan druids
  12 ironbound convokers
  2 bog bodies (Swamp:3)
  4 harpies
  A necromancer (D:13)
  8 arcanists
  3 lindwurms (Vaults:1)
  8 orc knights
  7 deep elf pyromancers
  9 steelbarb worms
  19 wolf spiders
  11 cyclopes
  5 will-o-the-wisps
  15 ugly things
  Maurice (D:7)
  11 elephants
  A moth of wrath (Spider:4)
  5 manticores
  Joseph (D:8)
  A black mamba (Lair:1)
  9 vault sentinels
  3 torpor snails
  3 unseen horrors
  2 gargoyles
  A cane toad (shapeshifter) (D:13)
  A kobold demonologist (D:14)
  8 komodo dragons
  13 cane toads
  2 efreet
  25 yaktaurs
  A rime drake (Lair:4)
  2 tengu conjurers
  4 polar bears
  4 tyrant leeches
  4 meliai
  16 hornets
  2 bloated husks
  Prince Ribbit (D:7)
  21 blink frogs
  2 trolls
  30 tarantellas
  Grinder (D:3)
  A blink frog (shapeshifter) (D:11)
  A tarantella (shapeshifter) (D:13)
  30 slime creatures
  32 jumping spiders
  11 culicivoras
  49 yaks
  2 shadows (D:10)
  9 wraiths
  A vampire (D:11)
  5 wyverns
  Grum (D:8)
  A basilisk (Lair:1)
  58 redbacks
  11 vampire mosquitoes
  2 steam dragons
  Edmund (D:5)
  Menkaure (D:3)
  11 swamp worms
  4 wargs (Orc:2)
  6 water moccasins
  Duvessa (D:4)
  45 orc warriors
  A black bear (shapeshifter) (D:13)
  A sky beast (D:8)
  7 swamp drakes
  4 black bears
  11 ogres
  4 boggarts (Lair:5)
  21 centaurs
  12 wolves
  Blork the orc (D:4)
  5 kobold brigands
  3 scorpions
  18 bullfrogs
  7 wights (D:8)
  Dowan (D:3)
  10 killer bees
  A howler monkey (D:10)
  4 electric eels
  5 jellies
  2 gnoll boudas (D:8)
  3 hounds
  15 orc priests
  A sleepcap (D:8)
  5 iguanas
  26 orc wizards
  A gnoll (D:1)
  6 adders
  A shadow imp (D:3)
  3 white imps
  2 ufetubi (D:5)
  3 dart slugs
  94 orcs
  A bat (D:3)
  4 endoplasms
  5 giant cockroaches
  8 hobgoblins
  3 jackals (D:3)
  2 quokkas
  A ball python (D:3)
  2 frilled lizards
  6 goblins
  14 kobolds
  A quokka zombie (D:6)
  2 rats (D:3)
  A rat zombie (D:6)
1184 creatures vanquished.

Vanquished Creatures (others)
  Louise (Spider:2)
  An alligator (Swamp:1)
  A bloated husk (Swamp:1)
  An orc (Orc:2)
  8 foxfires
  3 spectral weapons (Vaults:1)
15 creatures vanquished.

Grand Total: 1199 creatures vanquished

Notes
Turn   | Place    | Note
-------+----------+-------------------------------------------
     0 | D:1      | promet the Gnoll Wanderer began the quest for the Orb.
     0 | D:1      | promet set off with the following items: a +2 hand axe, a
                  | +0 spear, a +0 pair of gloves, a potion of berserk rage, a
                  | +0 leather armour.
     0 | D:1      | Reached XP level 1. HP: 17/17 MP: 1/1
    38 | D:1      | Reached XP level 2. HP: 12/23 MP: 2/2
   322 | D:1      | Reached XP level 3. HP: 16/28 MP: 3/3
   538 | D:1      | Learned a level 2 spell: Blink
   862 | D:2      | Reached skill level 1 in Invocations
  1451 | D:2      | Found a glowing silver altar of Zin.
  1536 | D:2      | Found a faded altar of an unknown god.
  1726 | D:2      | Reached skill level 1 in Short Blades
  1726 | D:2      | Reached skill level 1 in Long Blades
  1726 | D:2      | Reached skill level 1 in Maces & Flails
  1726 | D:2      | Reached skill level 1 in Staves
  1726 | D:2      | Reached skill level 1 in Ranged Weapons
  1726 | D:2      | Reached skill level 1 in Throwing
  1726 | D:2      | Reached skill level 1 in Dodging
  1726 | D:2      | Reached skill level 1 in Shields
  1726 | D:2      | Reached skill level 1 in Unarmed Combat
  1726 | D:2      | Reached skill level 1 in Spellcasting
  1726 | D:2      | Reached skill level 1 in Evocations
  1840 | D:2      | Found Ditav Miecvo's Magic Scroll Emporium.
  2161 | D:3      | Reached XP level 4. HP: 28/34 MP: 5/5
  2207 | D:3      | Reached skill level 1 in Shapeshifting
  2295 | D:3      | Noticed Grinder
  2327 | D:3      | Killed Grinder
  2328 | D:3      | Reached skill level 1 in Conjurations
  2328 | D:3      | Reached skill level 1 in Hexes
  2328 | D:3      | Reached skill level 1 in Summonings
  2328 | D:3      | Reached skill level 1 in Necromancy
  2328 | D:3      | Reached skill level 1 in Translocations
  2328 | D:3      | Reached skill level 1 in Transmutations
  2328 | D:3      | Reached skill level 1 in Fire Magic
  2328 | D:3      | Reached skill level 1 in Ice Magic
  2328 | D:3      | Reached skill level 1 in Air Magic
  2328 | D:3      | Reached skill level 1 in Earth Magic
  2328 | D:3      | Reached skill level 1 in Poison Magic
  2328 | D:3      | Reached XP level 5. HP: 23/41 MP: 5/7
  2328 | D:3      | Reached XP level 6. HP: 26/47 MP: 5/8
  3107 | D:4      | Noticed Menkaure
  3107 | D:4      | Noticed Dowan
  3108 | D:4      | Noticed Duvessa
  3118 | D:3      | Killed Menkaure
  3169 | D:4      | Noticed Blork the orc
  3179 | D:4      | Killed Blork the orc
  3180 | D:4      | Reached XP level 7. HP: 36/52 MP: 10/10
  3330 | D:4      | Killed Duvessa
  3613 | D:4      | Found an opulent altar of Gozag.
  3678 | D:4      | Reached skill level 9 in Polearms
  3852 | D:5      | Entered Level 5 of the Dungeon
  3884 | D:5      | Noticed a yak
  4489 | D:5      | Noticed Edmund
  4495 | D:5      | Killed Edmund
  4496 | D:5      | Reached XP level 8. HP: 23/60 MP: 12/12
  4599 | D:5      | Found a staircase to the Ecumenical Temple.
  4610 | Temple   | Entered the Ecumenical Temple
  4662 | Temple   | Became a worshipper of Uskayaw the Reveller
  4761 | D:5      | Noticed a yak
  4811 | D:5      | Noticed a yak
  4812 | D:5      | Killed a yak
  4812 | D:5      | Reached * piety under Uskayaw
  4817 | D:5      | Reached ** piety under Uskayaw
  4823 | D:5      | Killed a yak
  4823 | D:5      | Reached *** piety under Uskayaw
  4824 | D:5      | Reached **** piety under Uskayaw
  4834 | D:5      | Killed a yak
  5216 | D:6      | Learned a level 3 spell: Gell's Gravitas
  5469 | D:6      | Found Fonwoafe's Antique Weapon Shop.
  5470 | D:6      | Found a runed translucent door.
  5481 | D:6      | Reached XP level 9. HP: 19/66 MP: 14/14
  6387 | D:7      | Noticed Maurice
  6396 | D:7      | Killed Maurice
  6397 | D:7      | Reached skill level 5 in Fighting
  6397 | D:7      | Reached skill level 5 in Armour
  6397 | D:7      | Reached skill level 5 in Stealth
  6491 | D:7      | Noticed Prince Ribbit
  6503 | D:7      | Killed Prince Ribbit
  6796 | D:7      | Reached skill level 5 in Invocations
  6834 | D:7      | Identified the +3 spear "Iceuropn" {flame, rC+}
  7162 | D:8      | Noticed a two-headed ogre
  7596 | D:8      | Reached XP level 10. HP: 74/74 MP: 17/17
  8004 | D:8      | Noticed Joseph
  8019 | D:8      | Reached skill level 5 in Short Blades
  8019 | D:8      | Reached skill level 5 in Long Blades
  8019 | D:8      | Reached skill level 5 in Maces & Flails
  8019 | D:8      | Reached skill level 5 in Staves
  8019 | D:8      | Reached skill level 5 in Ranged Weapons
  8019 | D:8      | Reached skill level 5 in Throwing
  8019 | D:8      | Reached skill level 5 in Dodging
  8019 | D:8      | Reached skill level 5 in Shields
  8019 | D:8      | Reached skill level 5 in Unarmed Combat
  8019 | D:8      | Reached skill level 5 in Spellcasting
  8019 | D:8      | Reached skill level 5 in Evocations
  8022 | D:8      | Reached skill level 10 in Polearms
  8023 | D:8      | Killed Joseph
  8027 | D:8      | Reached ***** piety under Uskayaw
  8433 | D:8      | Noticed a catoblepas
  8443 | D:8      | Noticed a deep elf pyromancer
  8444 | D:8      | Reached skill level 5 in Shapeshifting
  8938 | D:8      | Killed a deep elf pyromancer
  8996 | D:8      | Killed a two-headed ogre
  9008 | D:8      | Identified the +8 hand axe "Iddexoaf" {flame, rPois MP+9
                  | Int+4}
  9303 | D:8      | Reached XP level 11. HP: 83/83 MP: 19/19
  9305 | D:8      | Noticed Grum
  9310 | D:8      | Killed Grum
  9314 | D:8      | Reached skill level 5 in Conjurations
  9314 | D:8      | Reached skill level 5 in Hexes
  9314 | D:8      | Reached skill level 5 in Summonings
  9314 | D:8      | Reached skill level 5 in Necromancy
  9314 | D:8      | Reached skill level 5 in Translocations
  9314 | D:8      | Reached skill level 5 in Transmutations
  9314 | D:8      | Reached skill level 5 in Fire Magic
  9314 | D:8      | Reached skill level 5 in Ice Magic
  9314 | D:8      | Reached skill level 5 in Air Magic
  9314 | D:8      | Reached skill level 5 in Earth Magic
  9314 | D:8      | Reached skill level 5 in Poison Magic
  9321 | D:8      | Learned a level 3 spell: Teleport Other
  9326 | D:8      | Learned a level 4 spell: Manifold Assault
  9713 | D:3      | Killed Dowan
  9842 | D:2      | Bought a scroll of blinking for 105 gold pieces
  9842 | D:2      | Bought a scroll of enchant armour for 105 gold pieces
  9842 | D:2      | Bought a scroll of enchant weapon for 105 gold pieces
  9842 | D:2      | Bought a scroll of enchant armour for 105 gold pieces
  9845 | D:2      | Bought a scroll of teleportation for 42 gold pieces
 10288 | D:8      | Noticed a centaur warrior
 10539 | D:8      | Killed a catoblepas
 10545 | D:8      | Noticed a deep elf pyromancer
 10660 | D:8      | Noticed a cyclops
 10669 | D:8      | Killed a cyclops
 10804 | D:8      | Killed a centaur warrior
 10936 | D:8      | Gained mutation: You are agile. (Dex +4, Str/Int -1)
                  | [potion of mutation]
 11273 | D:8      | Noticed a cyclops
 11289 | D:8      | Killed a cyclops
 11407 | D:8      | Found the +27 heavy crossbow "Sniper" {heavy, Acc+∞ SInv}
 11415 | D:8      | Identified the +0 long sword "Iliakhish" {drain, rElec
                  | rPois rC- rN++}
 11954 | D:6      | Found a runed translucent door.
 11956 | D:6      | Found a huge runed translucent gate.
 11956 | D:6      | Found a huge runed translucent gate.
 11956 | D:6      | Found a huge runed translucent gate.
 11956 | D:6      | Found a huge runed translucent gate.
 12141 | D:9      | Noticed a cyclops
 12144 | D:9      | Killed a cyclops
 12172 | D:9      | Noticed a manticore
 12173 | D:9      | Killed a manticore
 12190 | D:9      | Noticed a centaur warrior
 12192 | D:9      | Killed a centaur warrior
 12532 | D:9      | Learned a level 4 spell: Anguish
 12757 | D:9      | Found a runed translucent door.
 12757 | D:9      | Noticed grandjackal's ghost (journeyman DjGl)
 12766 | D:9      | Reached skill level 11 in Polearms
 12983 | D:10     | Entered Level 10 of the Dungeon
 12997 | D:10     | Noticed Sonja
 12999 | D:10     | Killed Sonja
 13000 | D:10     | Reached XP level 12. HP: 91/91 MP: 22/22
 13339 | D:10     | Found a staircase to the Lair.
 13596 | D:10     | Noticed a two-headed ogre
 13597 | D:10     | Killed a two-headed ogre
 13877 | Lair:1   | Entered Level 1 of the Lair of Beasts
 14366 | Lair:1   | Reached skill level 10 in Axes
 15161 | Lair:2   | Noticed a skyshark
 15170 | Lair:2   | Killed a skyshark
 15235 | Lair:2   | Noticed a skyshark
 15238 | Lair:2   | Killed a skyshark
 15444 | Lair:2   | Reached ****** piety under Uskayaw
 15600 | Lair:2   | Found a hole to the Spider Nest.
 15621 | Lair:2   | Reached XP level 13. HP: 99/99 MP: 24/24
 15662 | Lair:2   | Learned a level 5 spell: Arcjolt
 16216 | Lair:3   | Found a staircase to the Swamp.
 16509 | Lair:3   | Identified the +9 rapier of Xaes {elec, rPois rC+ Will+
                  | Stlth+}
 17431 | Lair:4   | Reached skill level 12 in Polearms
 17645 | Lair:4   | Found a viscous altar of Jiyva.
 17645 | Lair:4   | Found a staircase to the Slime Pits.
 18723 | Slime:1  | Entered Level 1 of the Pits of Slime
 18723 | Slime:1  | Noticed a rockslime
 18723 | Slime:1  | Noticed a formless jellyfish
 18723 | Slime:1  | Noticed a formless jellyfish
 18723 | Slime:1  | Noticed a formless jellyfish
 18747 | Lair:5   | Entered Level 5 of the Lair of Beasts
 18766 | Lair:5   | HP: 4/101 [seven-headed hydra (13)]
 18941 | Lair:5   | Reached XP level 14. HP: 108/108 MP: 25/27
 19369 | Lair:5   | Reached skill level 10 in Invocations
 20321 | Lair:5   | Learned a level 2 spell: Ensorcelled Hibernation
 21241 | Lair:5   | Reached skill level 10 in Fighting
 21241 | Lair:5   | Reached skill level 10 in Armour
 21280 | Lair:5   | Learned a level 6 spell: Plasma Beam
 22091 | D:11     | Identified the +1 pair of gloves of the Hippogriff {rPois
                  | rF+ Str+5 Dex-2}
 22122 | D:11     | Noticed Snorg
 22125 | D:11     | Killed Snorg
 22481 | D:11     | Reached skill level 10 in Stealth
 22581 | D:12     | Found a gate leading to a gauntlet.
 22592 | Gauntlet | Entered a Gauntlet
 22592 | Gauntlet | Found a transporter.
 22592 | Gauntlet | Found a transporter.
 22599 | Gauntlet | Found a transporter.
 23117 | D:12     | Found a staircase to the Orcish Mines.
 23397 | D:12     | Lost mutation: You are agile. (Dex +4, Str/Int -1) [potion
                  | of mutation]
 23397 | D:12     | Gained mutation: Your spells are a little harder to cast,
                  | but a little more powerful. [potion of mutation]
 23397 | D:12     | Gained mutation: Your flesh is cold resistant. (rC+)
                  | [potion of mutation]
 23397 | D:12     | Gained mutation: Your muscles are strong. (Str +4, Int/Dex
                  | -1) [potion of mutation]
 23397 | D:12     | Gained mutation: You are resistant to electric shocks.
                  | (rElec) [potion of mutation]
 23398 | D:12     | Lost mutation: Your muscles are strong. (Str +4, Int/Dex
                  | -1) [potion of mutation]
 23398 | D:12     | Lost mutation: You are resistant to electric shocks.
                  | (rElec) [potion of mutation]
 23398 | D:12     | Lost mutation: Your flesh is cold resistant. (rC+) [potion
                  | of mutation]
 23398 | D:12     | Gained mutation: You have hidden genetic potential. [potion
                  | of mutation]
 23398 | D:12     | Gained mutation: You are partially covered in iridescent
                  | scales. (AC +2) [potion of mutation]
 23406 | Orc:1    | Entered Level 1 of the Orcish Mines
 23818 | Orc:1    | Noticed Josephine
 23828 | Orc:1    | Killed Josephine
 24354 | Orc:1    | Reached XP level 15. HP: 114/115 MP: 28/28
 24503 | Orc:2    | Entered Level 2 of the Orcish Mines
 24503 | Orc:2    | Found a staircase to the Elven Halls.
 24580 | Orc:2    | Noticed an orc warlord
 25096 | Orc:1    | Killed an orc warlord
 25097 | Orc:1    | Reached skill level 10 in Short Blades
 25097 | Orc:1    | Reached skill level 10 in Long Blades
 25097 | Orc:1    | Reached skill level 10 in Maces & Flails
 25097 | Orc:1    | Reached skill level 10 in Staves
 25097 | Orc:1    | Reached skill level 10 in Ranged Weapons
 25097 | Orc:1    | Reached skill level 10 in Throwing
 25097 | Orc:1    | Reached skill level 10 in Dodging
 25097 | Orc:1    | Reached skill level 10 in Shields
 25097 | Orc:1    | Reached skill level 10 in Unarmed Combat
 25097 | Orc:1    | Reached skill level 10 in Spellcasting
 25097 | Orc:1    | Reached skill level 10 in Evocations
 25425 | Orc:1    | Reached skill level 13 in Polearms
 26479 | Orc:2    | Found Tulivv Roawe's Armour Shoppe.
 26479 | Orc:2    | Found Nuacwucw's Jewellery Boutique.
 26780 | Orc:2    | Found Atouked's Book Shop.
 26782 | Orc:2    | Found Bogger's Antique Weapon Emporium.
 27315 | Orc:2    | Bought a book of Frost for 320 gold pieces
 27319 | Orc:2    | Learned a level 3 spell: Hailstorm
 27543 | D:13     | Noticed Frances
 27589 | D:13     | Killed Frances
 27648 | D:13     | Identified the +10 plate armour of Nemelex Xobeh's Scorn
                  | {Dex+7}
 28000 | D:13     | Found a gate to the Vaults.
 28456 | D:14     | Found an ornate altar of the Wu Jian Council.
 28852 | D:14     | Gained mutation: Your muscles are strong. (Str +4, Int/Dex
                  | -1) [hidden potential]
 29554 | D:15     | Entered Level 15 of the Dungeon
 30456 | D:15     | Reached XP level 16. HP: 125/125 MP: 28/30
 31297 | D:15     | Found a staircase to the Depths.
 32221 | Swamp:1  | Entered Level 1 of the Swamp
 32243 | Swamp:1  | Reached skill level 10 in Shapeshifting
 32742 | D:9      | Killed grandjackal's ghost
 33787 | Swamp:2  | Identified the +1 pair of boots of Stoicism {rElec rPois}
 33980 | Swamp:2  | Noticed a thorn hunter
 33983 | Swamp:2  | Killed a thorn hunter
 34468 | Swamp:3  | Noticed Jorgrun
 34471 | Swamp:3  | Killed Jorgrun
 34475 | Swamp:3  | Gained mutation: You have a pair of small horns on your
                  | head. [hidden potential]
 34475 | Swamp:3  | Lost mutation: You have hidden genetic potential. [hidden
                  | potential expressed]
 34736 | Swamp:3  | Learned a level 3 spell: Ignite Poison
 35310 | Swamp:3  | Learned a level 6 spell: Bombard
 35523 | Swamp:4  | Entered Level 4 of the Swamp
 35543 | Swamp:4  | Noticed a fenstrider witch
 35546 | Swamp:4  | Killed a fenstrider witch
 35547 | Swamp:4  | Reached skill level 14 in Polearms
 35589 | Swamp:4  | Noticed a fenstrider witch
 35593 | Swamp:4  | Killed a fenstrider witch
 35844 | Orc:2    | Bought a ring of flight for 262 gold pieces
 36470 | Swamp:4  | Identified the ring of Midnight {Wiz rN+ Int+2}
 36749 | Swamp:4  | Reached XP level 17. HP: 102/133 MP: 32/32
 37256 | Swamp:4  | Got a decaying rune of Zot
 37763 | Spider:1 | Entered Level 1 of the Spider Nest
 38171 | Spider:1 | Reached skill level 10 in Conjurations
 38171 | Spider:1 | Reached skill level 10 in Hexes
 38171 | Spider:1 | Reached skill level 10 in Summonings
 38171 | Spider:1 | Reached skill level 10 in Necromancy
 38171 | Spider:1 | Reached skill level 10 in Translocations
 38171 | Spider:1 | Reached skill level 10 in Transmutations
 38171 | Spider:1 | Reached skill level 10 in Fire Magic
 38171 | Spider:1 | Reached skill level 10 in Ice Magic
 38171 | Spider:1 | Reached skill level 10 in Air Magic
 38171 | Spider:1 | Reached skill level 10 in Earth Magic
 38171 | Spider:1 | Reached skill level 10 in Poison Magic
 38785 | Spider:1 | Found a runed translucent door.
 38793 | Spider:1 | Noticed Mlioglotl
 38799 | Spider:1 | Killed Mlioglotl
 39381 | Spider:1 | Noticed Lobster4's ghost (adept MfSh)
 40044 | Spider:2 | Noticed Louise
 40046 | Spider:2 | Noticed Nikola
 40049 | Spider:2 | Killed Louise
 40897 | Spider:2 | Killed Nikola
 41238 | Spider:2 | Identified the +5 falchion of Reyth {flame, rC+}
 42499 | Spider:3 | Found a runed translucent door.
 42500 | Spider:3 | Noticed croobank's ghost (adept GnSh)
 42660 | Spider:3 | Reached XP level 18. HP: 141/141 MP: 34/34
 43429 | Spider:4 | Entered Level 4 of the Spider Nest
 43477 | Spider:4 | Noticed Arachne
 43521 | Spider:4 | Killed Arachne
 45444 | Spider:4 | Reached skill level 15 in Polearms
 47536 | Spider:4 | Identified the scarf "Ysugy" {repulsion, Int+2}
 47588 | Spider:4 | Got a gossamer rune of Zot
 48061 | Depths:1 | Entered Level 1 of the Depths
 48061 | Depths:1 | Found a one-way gate to the infinite horrors of the Abyss.
 48107 | Depths:1 | Found Cutiuh's Assorted Antiques.
 48987 | Depths:1 | Reached XP level 19. HP: 112/149 MP: 23/36
 50384 | Depths:1 | Found a blossoming altar of Fedhas.
 50877 | Depths:1 | Noticed a walking crystal tome
 51296 | Vaults:1 | Entered Level 1 of the Vaults
 52963 | Vaults:1 | Identified the +0 robe of Ippaqap {*Corrode Dex+3 Stlth+}
 52968 | Vaults:1 | Identified the staff of the Distant Future {rC+ Dex+2 Ice}
 53185 | Vaults:1 | Identified the ring of Brilliance {Wiz rElec}
 55935 | Vaults:2 | Reached skill level 15 in Axes
 56879 | Vaults:2 | Reached XP level 20. HP: 125/158 MP: 37/37
 57936 | Vaults:2 | Paralysed by a formless jellyfish for 1 turns
 58250 | Vaults:3 | Paralysed by a formless jellyfish for 1 turns
 58367 | Vaults:3 | Reached skill level 15 in Invocations
 58403 | Vaults:3 | Reached skill level 16 in Polearms
 60294 | Vaults:3 | Identified the +0 robe of the Slorg {Str+3 Int+3}
 60573 | Vaults:3 | Found a staircase to the Crypt.
 60653 | Crypt:1  | Entered Level 1 of the Crypt
 60972 | Vaults:3 | Slain by a vault guard

Illustrated notes

Levels and vault maps discovered:
D:1:      saegor_arrival_simple_c, layout_rooms
D:2:      layout_basic, basic_altar, chequers_ecumenical_altar_twisty,
          serial_shops, nicolae_lakefront_shop
D:3:      layout_loops_corners, uniq_grinder
D:4:      layout_rooms, nicolae_gozag_cash_rules_everything_around_me,
          grunt_decor_one_mirror, uniq_blork_the_orc, uniq_menkaure,
          uniq_duvessa
D:5:      layout_loops_ring, temple_fountains, uniq_edmund
D:6:      layout_basic, serial_shops, shop, enter_ossuary_4,
          lightli_church_of_beogh
D:7:      kennysheep_big_flooded_room, layout_loops_cross, uniq_maurice,
          uniq_prince_ribbit1
D:8:      nzn_winding_woodlands_large [nzn_winding_woodlands_5x5_perimeter,
          nzn_winding_woodlands_5x15_garden, nzn_winding_woodlands_hourglass,
          nzn_winding_woodlands_center_pierced_h,
          nzn_winding_woodlands_15x15_boxy_spiral,
          nzn_winding_woodlands_center_triple_pond,
          nzn_winding_woodlands_5x5_checkerboard,
          nzn_winding_woodlands_5x15_river_crossing,
          nzn_winding_woodlands_5x5_default], layout_loops_ring, st_stairs_2,
          uniq_joseph, uniq_grum
D:9:      layout_rooms, hellmonk_ghost_happy_afterlife, kb_rosetta
D:10:     layout_roguey, david_lair_generic, uniq_sonja
D:11:     layout_loops_ring, uniq_snorg
D:12:     layout_cave_pools, david_orc_4, gauntlet_entry_generic
D:13:     layout_loops_ring, david_vaults_1, uniq_frances
D:14:     layout_irregular_city, minmay_crystal_room, corexii_checkpoint,
          nicolae_wu_jian_immortal_techniques
D:15:     gammafunk_enter_depths_forms, layout_layer_cave,
          hangedman_decor_peaks_small
Temple:   mainiacjoe_temple_hex_bubbles
Lair:1:   layout_cave_pods
Lair:2:   layout_misc_corridors, hellmonk_spider_entry_not_the_bees,
          nicolae_lair_grazing_beasts [nicolae_sub_lair_graze_edge,
          nicolae_sub_lair_graze_edge, nicolae_sub_lair_graze_edge,
          nicolae_sub_lair_graze_edge]
Lair:3:   layout_roguey, minmay_swamp_entry_reptiles, serial_forest,
          infiniplex_forest_fountain, infiniplex_forest_3_way,
          infiniplex_forest_straight_2, infiniplex_forest_lined_room_2,
          st_stairs_3, nicolae_quartered_pool_impasse, serial_bayou_shore_a
Lair:4:   layout_cave_pods, slime_entry_1, minmay_holes, grunt_megastairs_3
Lair:5:   evilmike_catoblepas_cave, layout_cave_pods, kilobyte_rumbling_trees
Swamp:1:  layout_basic_swamp, serial_swamp_ruin, evilmike_swamp_ruin_house_5,
          evilmike_swamp_ruin_rubble_1
Swamp:2:  layout_basic_swamp, nicolae_swamp_stuck_in_the_mud, swamp_pool_4
Swamp:3:  layout_falls_marsh, evilmike_swamp_ruin_wall, uniq_jorgrun
Swamp:4:  swamp, layout_basic_swamp, nicolae_swamp_spooky_pond
Spider:1: layout_chambers, ebering_ghost_reflecting_pool, uniq_mlioglotl
Spider:2: layout_spider_delve, hangedman_spider_tarantella_strand, uniq_nikola,
          uniq_louise
Spider:3: layout_spider_delve, gammafunk_ghost_grave
Spider:4: spider_rune_water, nicolae_spider_claw_tunnel, uniq_arachne
Slime:1:  layout_caves, special_room [special_room_jelly]
Orc:1:    layout_caves, david_defended_altar_orc, uniq_josephine
Orc:2:    st_orc_rangers, layout_caves
Vaults:1: v_misc_28, nicolae_vaults_house_1, vaults_dpeg_cross,
          hangedman_vaults_locks, nicolae_vaults_storage_room_water,
          nicolae_vaults_network_barrier, hangedman_vaults_cutoff,
          nicolae_vaults_storing_the_good_stuff, nicolae_vaults_house_1,
          layout_vaults_omnigrid
Vaults:2: nicolae_vaults_tangram_1, v_rooms_2, dpeg_vaults_monster_row,
          nicolae_vaults_six-pack, grunt_vaults_funnel, v_misc_4,
          nicolae_vaults_house_3, nicolae_vaults_tetromino_T_1,
          nicolae_vaults_little_squares_6, nicolae_vaults_little_squares_1,
          grunt_vaults_twisty, nicolae_vaults_double_plus_1,
          layout_vaults_chaotic_city
Vaults:3: nicolae_vaults_inception_scallops, vaults_room_fours,
          ontoclasm_vaults_eye, nicolae_vaults_ninety_degrees,
          nicolae_vaults_closet_pinwheel_6,
          vaults_standard_mumra_enter_the_diamond, v_rooms_5,
          nicolae_vaults_house_3, vaults_room_semicircle,
          minmay_crypt_entry_simple_walls, nicolae_vaults_trapezoid_layered,
          nicolae_vaults_diamond_1, layout_vaults_maze_snakey
Vaults:4: nicolae_vaults_shelves_hall, nicolae_vaults_spaceships,
          nicolae_vaults_rhombus_6, nicolae_vaults_mini_display_case,
          vaults_standard_mumra_lines, hangedman_vaults_trim,
          nicolae_vaults_border_crossing, nicolae_vaults_heart-shaped_vault,
          nicolae_vaults_trapezoid_2, nicolae_vaults_asterisk,
          layout_vaults_ring
Crypt:1:  layout_gridlike, grunt_crypt_arrival_guarded_gate, uniq_donald
Depths:1: layout_basic, serial_shops, shop, lemuel_statue_altar,
          lightli_too_deep, abyss_entry, serial_glass, glass_columns_a,
          glass_columns_b, glass_columns_c, glass_columns_c, glass_columns_b,
          glass_columns_c, glass_columns_a, glass_columns_c, glass_columns_b,
          glass_columns_a, glass_columns_c, glass_columns_a, glass_columns_b,
          glass_columns_a, serial_bayou_pond_c,
          serial_library_hellmonk_metal_room

Skill      XL: |  1  2  3  4  5  6  7  8  9 10 11 12 13 14 15 16 17 18 19 20 |
---------------+-------------------------------------------------------------+-----
Invocations    | 1 2 3 4 5 6 7 8 9 10 11 12 13 14 15 | 15.3
Short Blades   | 1 2 3 4 5 6 7 9 10 11 12 13 14 | 14.1
Long Blades    | 1 2 3 4 5 6 7 9 10 11 12 13 14 | 14.1
Maces & Flails | 1 2 3 4 5 6 7 9 10 11 12 13 14 | 14.1
Staves         | 1 2 3 4 5 6 7 9 10 11 12 13 14 | 14.1
Ranged Weapons | 1 2 3 4 5 6 7 9 10 11 12 13 14 | 14.1
Throwing       | 1 2 3 4 5 6 7 9 10 11 12 13 14 | 14.1
Dodging        | 1 2 3 4 5 6 7 9 10 11 12 13 14 | 14.1
Shields        | 1 2 3 4 5 6 7 9 10 11 12 13 14 | 14.1
Unarmed Combat | 1 2 3 4 5 6 7 9 10 11 12 13 14 | 14.1
Spellcasting   | 1 2 3 4 5 6 7 9 10 11 12 13 14 | 14.1
Evocations     | 1 2 3 4 5 6 7 9 10 11 12 13 14 | 14.1
Shapeshifting  | 1 2 3 4 5 6 7 8 9 10 11 12 13 | 13.0
Fighting       | 3 4 5 6 7 8 9 10 11 12 13 14 | 14.3
Armour         | 3 4 5 6 7 8 9 10 11 12 13 14 | 14.3
Stealth        | 3 4 5 6 7 8 9 10 11 12 13 14 | 14.3
Conjurations   | 1 2 3 4 5 6 7 8 9 10 11 12 | 12.0
Hexes          | 1 2 3 4 5 6 7 8 9 10 11 12 | 12.0
Summonings     | 1 2 3 4 5 6 7 8 9 10 11 12 | 12.0
Necromancy     | 1 2 3 4 5 6 7 8 9 10 11 12 | 12.0
Translocations | 1 2 3 4 5 6 7 8 9 10 11 12 | 12.0
Transmutations | 1 2 3 4 5 6 7 8 9 10 11 12 | 12.0
Fire Magic     | 1 2 3 4 5 6 7 8 9 10 11 12 | 12.0
Ice Magic      | 1 2 3 4 5 6 7 8 9 10 11 12 | 12.0
Air Magic      | 1 2 3 4 5 6 7 8 9 10 11 12 | 12.0
Earth Magic    | 1 2 3 4 5 6 7 8 9 10 11 12 | 12.0
Poison Magic   | 1 2 3 4 5 6 7 8 9 10 11 12 | 12.0
Axes           | 7 8 9 10 11 12 13 14 15 | 15.4
Polearms       | 9 10 11 12 13 14 15 16 | 16.2

Action                     |  1- 3 |  4- 6 |  7- 9 | 10-12 | 13-15 | 16-18 | 19-21 || total
---------------------------+-------+-------+-------+-------+-------+-------+-------++-------
  Melee: Hand axe          |     7 |       |       |    24 |    55 |    71 |       ||   157
         Bite              |     5 |     6 |    20 |    23 |    30 |    54 |    48 ||   186
         Dagger            |    56 |    43 |    27 |     4 |    10 |       |       ||   140
         Dire flail        |       |       |   136 |   121 |    63 |       |       ||   320
         Punch             |       |       |       |     4 |    10 |    21 |    29 ||    64
         Heavy crossbow    |       |       |       |     3 |     6 |       |       ||     9
         Quarterstaff      |       |       |       |       |     5 |       |       ||     5
         Rapier            |       |       |       |       |    19 |   181 |    37 ||   237
         Battleaxe         |       |       |       |       |    44 |   108 |       ||   152
         Headbutt          |       |       |       |       |       |    79 |    71 ||   150
         Broad axe         |       |       |       |       |       |       |   136 ||   136
         Halberd           |       |       |       |       |       |       |    58 ||    58
   Fire: Sling             |       |       |    70 |    70 |       |       |       ||   140
         Heavy crossbow    |       |       |       |   103 |   386 |   440 |   201 ||  1130
  Throw: Boomerang         |     5 |     1 |       |       |       |       |     8 ||    14
         Dart              |       |     5 |    14 |     3 |     1 |     2 |     2 ||    27
   Cast: Manifold Assault  |       |       |       |     1 |     3 |       |       ||     4
         Blink             |       |       |       |       |     4 |     7 |     2 ||    13
         Anguish           |       |       |       |       |     1 |     1 |       ||     2
         Arcjolt           |       |       |       |       |     7 |    17 |     7 ||    31
         Ensorcelled Hiber |       |       |       |       |     2 |     4 |     2 ||     8
         Hailstorm         |       |       |       |       |     1 |     3 |       ||     4
         Gell's Gravitas   |       |       |       |       |     1 |       |     1 ||     2
         Plasma Beam       |       |       |       |       |       |    18 |    18 ||    36
         Bombard           |       |       |       |       |       |     3 |       ||     3
 Invoke: Line Pass         |       |       |       |     1 |     1 |       |       ||     2
         Stomp             |       |       |       |       |     1 |       |       ||     1
  Evoke: Wand              |       |       |     1 |     7 |     4 |     6 |     1 ||    19
         Condenser vane    |       |       |       |       |     2 |     1 |     1 ||     4
    Use: Scroll            |     4 |     5 |     5 |    10 |    11 |    18 |     5 ||    58
         Potion            |       |     2 |     4 |    11 |     2 |     6 |     4 ||    29
   Stab: Sleeping          |     1 |     2 |     2 |     1 |     1 |    13 |    11 ||    31
         Paralysed         |       |       |     5 |     8 |    33 |    25 |    23 ||    94
         Distracted        |       |       |     1 |     2 |       |     3 |    12 ||    18
 Armour: Leather armour    |    31 |    23 |   120 |    45 |   130 |       |       ||   349
         Robe              |       |       |       |    68 |       |       |       ||    68
         Troll leather arm |       |       |       |    47 |   171 |   722 |   212 ||  1152
         Plate armour      |       |       |       |       |   120 |    85 |     3 ||   208
  Dodge: Dodged            |    25 |    11 |   128 |   193 |   440 |   800 |   220 ||  1817
         Repelled          |       |       |       |       |       |     2 |     5 ||     7

Table legend: (Time is in decaauts)
 A = Elapsed time spent in this place.
 B = Non-inter-level travel time spent in this place.
 C = Inter-level travel time spent in this place.
 D = Time resting spent in this place.
 E = Time spent auto-exploring this place.
 F = Levels seen in this place.
 G = Mean time per level.
                   A        B        C        D        E       F      G
               +--------+--------+--------+--------+--------+-----+--------+
         Total |  63338 |  59148 |   4190 |  17575 |   9894 |  39 | 1624.1 |
       Dungeon |  22904 |  20743 |   2161 |   6222 |   4505 |  15 | 1526.9 |
        Temple |    116 |    116 |      0 |      0 |      0 |   1 |  116.0 |
          Lair |   8907 |   8214 |    693 |   1568 |   2063 |   5 | 1781.4 |
         Swamp |   5232 |   4954 |    278 |   1243 |    639 |   4 | 1308.0 |
   Spider Nest |  10716 |  10225 |    491 |   3542 |   1479 |   4 | 2679.0 |
    Slime Pits |      1 |      1 |      0 |      0 |      0 |   1 |    1.0 |
  Orcish Mines |   3776 |   3551 |    225 |   1234 |    229 |   2 | 1888.0 |
        Vaults |   9835 |   9510 |    325 |   3151 |    849 |   4 | 2458.8 |
         Crypt |      1 |      1 |      0 |      0 |      0 |   1 |    1.0 |
        Depths |   1831 |   1815 |     16 |    614 |    129 |   1 | 1831.0 |
      Gauntlet |     13 |     13 |      0 |      0 |      0 |   1 |   13.0 |
               +--------+--------+--------+--------+--------+-----+--------+

Top non-repeatable levels by time:
     D:8: 4166 daAuts
Vaults:1: 4163 daAuts
Spider:4: 4100 daAuts
    D:15: 3307 daAuts
Vaults:2: 2893 daAuts
Spider:2: 2611 daAuts
Vaults:3: 2605 daAuts
Spider:1: 2589 daAuts
  Lair:5: 2502 daAuts
   Orc:1: 2267 daAuts
  Lair:4: 2105 daAuts
    D:12: 1862 daAuts
Depths:1: 1831 daAuts
     D:6: 1791 daAuts
 Swamp:4: 1716 daAuts
